PBL
CALGARY FLAMES @ MIAMI BEACH MARLINS
09/30/2047
 
TOP OF THE 1ST
Calgary Flames batting - Pitching for Miami Beach Marlins : RHP Ryan Weedon
Pitching: RHP Ryan Weedon
Batting: SHB Yu-hsui Lew 0-0: Ball
1-0: Called Strike
1-1: Called Strike
1-2: Strikes out swinging
Batting: RHB Norinaga Yamakawakamatsu 0-0: Ball
1-0: Foul Ball, location: 2F
1-1: Ball
2-1: Ball
3-1: Bunt for hit to 2R - play at first, batter OUT! 2-3
Batting: RHB Victor Contreras 0-0: Ball
1-0: Called Strike
1-1: Swinging Strike
1-2: Ball
2-2: Strikes out swinging
Top of the 1st over - 0 runs, 0 hits, 0 errors, 0 left on base; Calgary 0 - Miami Beach 0
BOTTOM OF THE 1ST
Miami Beach Marlins batting - Pitching for Calgary Flames : RHP Bruce Boivin
Pitching: RHP Bruce Boivin
Batting: RHB Hikaru Nakata 0-0: Ball
1-0: Ball
2-0: Ball
3-0: Base on Balls
Batting: RHB Melvin Nava 0-0: Ball
1-0: Fielders Choice at 2nd, 4-6 (Groundball, 4, EV 110.6 MPH)
Batting: RHB Scott Talbot 0-0: Ball
1-0: Ball
2-0: Ball
3-0: Called Strike
3-1: Foul Ball, location: 2F
3-2: SINGLE (Groundball, 56D, EV 94.4 MPH)
Melvin Nava to second
Batting: RHB Clark Meagher 0-0: Ball
1-0: Foul Ball, location: 2F
1-1: Foul Ball, location: 2F
1-2: Ball
2-2: Strikes out looking
Batting: RHB Mario Cota 0-0: Ball
1-0: Ball
2-0: Foul Ball, location: 2F
2-1: Ball
3-1: Called Strike
3-2: Strikes out swinging
Bottom of the 1st over - 0 runs, 1 hit, 0 errors, 2 left on base; Calgary 0 - Miami Beach 0
TOP OF THE 2ND
Calgary Flames batting - Pitching for Miami Beach Marlins : RHP Ryan Weedon
Batting: RHB Edgardo Rivera 0-0: Called Strike
0-1: Fly out, F7 (Flyball, 7S, EV 88.8 MPH)
Batting: LHB Gary Corrales 0-0: Ground out 6-3 (Groundball, 6, EV 85.6 MPH)
Batting: LHB Bruce Daley 0-0: Ball
1-0: Ball
2-0: Ball
3-0: Called Strike
3-1: Called Strike
3-2: Foul Ball, location: 2F
3-2: Strikes out swinging
Top of the 2nd over - 0 runs, 0 hits, 0 errors, 0 left on base; Calgary 0 - Miami Beach 0
BOTTOM OF THE 2ND
Miami Beach Marlins batting - Pitching for Calgary Flames : RHP Bruce Boivin
Batting: SHB Emmet Brickowski 0-0: Ball
1-0: Foul Ball, location: 2F
1-1: Ball
2-1: Ground out 5-3 (Groundball, 56, EV 106.2 MPH)
Batting: RHB Kazumi Inouye 0-0: Fly out, F8 (Line Drive, 8RD, EV 91.9 MPH)
Batting: RHB Jim Smallwood 0-0: Called Strike
0-1: Ground out U3 (Groundball, 34, EV 100.0 MPH)
Bottom of the 2nd over - 0 runs, 0 hits, 0 errors, 0 left on base; Calgary 0 - Miami Beach 0
TOP OF THE 3RD
Calgary Flames batting - Pitching for Miami Beach Marlins : RHP Ryan Weedon
Batting: RHB Rod Johnson 0-0: Swinging Strike
0-1: Swinging Strike
0-2: Ball
1-2: Foul Ball, location: 2F
1-2: Foul Ball, location: 2F
1-2: Ball
2-2: Foul Ball, location: 2F
2-2: Strikes out swinging
Batting: RHB Antonio Martinez 0-0: Ball
1-0: Ball
2-0: Ball
3-0: Base on Balls
Batting: RHB Pablo Henriquez 0-0: Called Strike
0-1: Swinging Strike
0-2: Fly out, F3 (Popup, 3SF, EV 76.9 MPH)
Batting: SHB Yu-hsui Lew 0-0: Foul Ball, location: 2F
0-1: Ball
1-1: Swinging Strike
1-2: DOUBLE (Line Drive, 78D, EV 106.2 MPH)
Antonio Martinez to third
Runner from 3rd tries for Home, SAFE, throw by CF to home
Batting: RHB Norinaga Yamakawakamatsu 0-0: Ground out 5-3 (Groundball, 5S, EV 67.5 MPH)
Top of the 3rd over - 1 run, 1 hit, 0 errors, 1 left on base; Calgary 1 - Miami Beach 0
BOTTOM OF THE 3RD
Miami Beach Marlins batting - Pitching for Calgary Flames : RHP Bruce Boivin
Batting: LHB Henry Huezo 0-0: Called Strike
0-1: Called Strike
0-2: Ball
1-2: Foul Ball, location: 2F
1-2: Strikes out looking
Batting: RHB Hikaru Nakata 0-0: Called Strike
0-1: Ground out 6-3 (Groundball, 6, EV 92.5 MPH)
Batting: RHB Melvin Nava 0-0: Ball
1-0: Called Strike
1-1: Called Strike
1-2: Strikes out looking
Bottom of the 3rd over - 0 runs, 0 hits, 0 errors, 0 left on base; Calgary 1 - Miami Beach 0
TOP OF THE 4TH
Calgary Flames batting - Pitching for Miami Beach Marlins : RHP Ryan Weedon
Batting: RHB Victor Contreras 0-0: Ball
1-0: Ball
2-0: Hit by Pitch
Batting: RHB Edgardo Rivera 0-0: Ball
1-0: Swinging Strike
1-1: Ball
2-1: Ball
3-1: Called Strike
3-2: Fly out, F5 (Popup, 5SF, EV 73.8 MPH)
Batting: LHB Gary Corrales 0-0: Foul Ball, location: 2F
0-1: Foul Ball, location: 2F
0-2: Strikes out swinging
Batting: LHB Bruce Daley 0-0: Called Strike
0-1: Ball
1-1: Called Strike
1-2: Foul Ball, location: 2F
1-2: Ball
2-2: Strikes out swinging
Top of the 4th over - 0 runs, 0 hits, 0 errors, 1 left on base; Calgary 1 - Miami Beach 0
BOTTOM OF THE 4TH
Miami Beach Marlins batting - Pitching for Calgary Flames : RHP Bruce Boivin
Batting: RHB Scott Talbot 0-0: Swinging Strike
0-1: Called Strike
0-2: Foul Ball, location: 2F
0-2: Ball
1-2: Fly out, F8 (Flyball, 8LXD, EV 88.1 MPH)
Batting: RHB Clark Meagher 0-0: Ball
1-0: Ball
2-0: Called Strike
2-1: Swinging Strike
2-2: Strikes out swinging
Batting: RHB Mario Cota 0-0: SINGLE (Line Drive, 8LS, EV 101.2 MPH)
Batting: SHB Emmet Brickowski 0-0: Ball
1-0: Fly out, F7 (Flyball, 7S, EV 90.6 MPH)
Bottom of the 4th over - 0 runs, 1 hit, 0 errors, 1 left on base; Calgary 1 - Miami Beach 0
TOP OF THE 5TH
Calgary Flames batting - Pitching for Miami Beach Marlins : RHP Ryan Weedon
Batting: RHB Rod Johnson 0-0: Ball
1-0: Foul Ball, location: 2F
1-1: Foul Ball, location: 2F
1-2: Foul Ball, location: 2F
1-2: Ball
2-2: Strikes out looking
Batting: RHB Antonio Martinez 0-0: Ball
1-0: Called Strike
1-1: Foul Ball, location: 2F
1-2: Foul Ball, location: 2F
1-2: Ball
2-2: Ball
3-2: Fly out, F9 (Flyball, 89S, EV 85.6 MPH)
Batting: RHB Pablo Henriquez 0-0: Foul Ball, location: 2F
0-1: Foul Ball, location: 2F
0-2: Ball
1-2: Foul Ball, location: 2F
1-2: Strikes out swinging
Top of the 5th over - 0 runs, 0 hits, 0 errors, 0 left on base; Calgary 1 - Miami Beach 0
BOTTOM OF THE 5TH
Miami Beach Marlins batting - Pitching for Calgary Flames : RHP Bruce Boivin
Batting: RHB Kazumi Inouye 0-0: Called Strike
0-1: Ball
1-1: Ground out 4-3 (Groundball, 34, EV 106.2 MPH)
Batting: RHB Jim Smallwood 0-0: Ball
1-0: Ball
2-0: Foul Ball, location: 2F
2-1: Swinging Strike
2-2: Ball
3-2: Foul Ball, location: 2F
3-2: Strikes out looking
Batting: LHB Henry Huezo 0-0: SOLO HOME RUN (Line Drive, 89XD, EV 113.8 MPH), Distance : 453 ft
Batting: RHB Hikaru Nakata 0-0: Foul Ball, location: 2F
0-1: Ground out 5-3 (Groundball, 56, EV 102.5 MPH)
Bottom of the 5th over - 1 run, 1 hit, 0 errors, 0 left on base; Calgary 1 - Miami Beach 1
TOP OF THE 6TH
Calgary Flames batting - Pitching for Miami Beach Marlins : RHP Ryan Weedon
Pitching: RHP Carlos Segura
Batting: SHB Yu-hsui Lew 0-0: Ball
1-0: Ball
2-0: Foul Ball, location: 2F
2-1: Foul Ball, location: 2F
2-2: Strikes out swinging
Batting: RHB Norinaga Yamakawakamatsu 0-0: Called Strike
0-1: Fly out, F9 (Flyball, 9, EV 85.6 MPH)
Batting: RHB Victor Contreras 0-0: SINGLE (Popup, 56D, EV 64.4 MPH)
Batting: RHB Edgardo Rivera 0-0: Ball
1-0: Called Strike
1-1: Swinging Strike
1-2: Ball
2-2: Fielders Choice at 2nd, 6-4 (Groundball, 6, EV 96.9 MPH)
Top of the 6th over - 0 runs, 1 hit, 0 errors, 1 left on base; Calgary 1 - Miami Beach 1
BOTTOM OF THE 6TH
Miami Beach Marlins batting - Pitching for Calgary Flames : RHP Bruce Boivin
Batting: RHB Melvin Nava 0-0: Ball
1-0: Ground out 4-3 (Groundball, 34, EV 79.4 MPH)
Batting: RHB Scott Talbot 0-0: Swinging Strike
0-1: Ball
1-1: Swinging Strike
1-2: Foul Ball, location: 2F
1-2: Strikes out looking
Batting: RHB Clark Meagher 0-0: Called Strike
0-1: Foul Ball, location: 2F
0-2: Strikes out swinging
Bottom of the 6th over - 0 runs, 0 hits, 0 errors, 0 left on base; Calgary 1 - Miami Beach 1
TOP OF THE 7TH
Calgary Flames batting - Pitching for Miami Beach Marlins : RHP Carlos Segura
Batting: LHB Gary Corrales 0-0: Called Strike
0-1: Swinging Strike
0-2: Ball
1-2: Ball
2-2: Strikes out swinging
Batting: LHB Bruce Daley 0-0: Fly out, F8 (Flyball, 8RD, EV 81.9 MPH)
Batting: RHB Juan Mercado 0-0: Foul Ball, location: 2F
0-1: Ground out 4-3 (Groundball, 4, EV 88.1 MPH)
Top of the 7th over - 0 runs, 0 hits, 0 errors, 0 left on base; Calgary 1 - Miami Beach 1
BOTTOM OF THE 7TH
Miami Beach Marlins batting - Pitching for Calgary Flames : RHP Bruce Boivin
Batting: RHB Mario Cota 0-0: Called Strike
0-1: Swinging Strike
0-2: Ball
1-2: Strikes out looking
Batting: SHB Emmet Brickowski 0-0: Called Strike
0-1: Called Strike
0-2: Ball
1-2: Ball
2-2: Strikes out swinging
Batting: RHB Kazumi Inouye 0-0: Ball
1-0: Fly out, F2 (Popup, 2LF, EV 92.5 MPH)
Bottom of the 7th over - 0 runs, 0 hits, 0 errors, 0 left on base; Calgary 1 - Miami Beach 1
TOP OF THE 8TH
Calgary Flames batting - Pitching for Miami Beach Marlins : RHP Carlos Segura
Batting: RHB Antonio Martinez 0-0: Foul Ball, location: 2F
0-1: Ball
1-1: Fly out, F9 (Flyball, 9LSF, EV 85.6 MPH)
Pinch Hitting: RHB Elias Vences 0-0: Called Strike
0-1: Foul Ball, location: 2F
0-2: Ball
1-2: Foul Ball, location: 2F
1-2: Fly out, F5 (Popup, 15, EV 80.6 MPH)
Batting: SHB Yu-hsui Lew 0-0: Foul Ball, location: 2F
0-1: Ball
1-1: Foul Ball, location: 2F
1-2: Ball
2-2: Foul Ball, location: 2F
2-2: Strikes out swinging
Top of the 8th over - 0 runs, 0 hits, 0 errors, 0 left on base; Calgary 1 - Miami Beach 1
BOTTOM OF THE 8TH
Miami Beach Marlins batting - Pitching for Calgary Flames : RHP Bruce Boivin
Now at 2B: Tyler Johnson
Batting: RHB Jim Smallwood 0-0: Ball
1-0: Foul Ball, location: 2F
1-1: SINGLE (Groundball, 4MD, EV 100.0 MPH)
Batting: LHB Henry Huezo 0-0: Ball
Jim Smallwood is caught stealing 2nd base 2-6
1-0: Fly out, F8 (Line Drive, 8RM, EV 87.5 MPH)
Batting: RHB Hikaru Nakata 0-0: Swinging Strike
0-1: Foul Ball, location: 2F
0-2: Ball
1-2: Strikes out swinging
Bottom of the 8th over - 0 runs, 1 hit, 0 errors, 0 left on base; Calgary 1 - Miami Beach 1
TOP OF THE 9TH
Calgary Flames batting - Pitching for Miami Beach Marlins : RHP Carlos Segura
Batting: RHB Norinaga Yamakawakamatsu 0-0: Ball
1-0: Foul Ball, location: 2F
1-1: Called Strike
1-2: Ball
2-2: Foul Ball, location: 2F
2-2: Foul Ball, location: 2F
2-2: Strikes out swinging, 2-3 out at first.
Batting: RHB Victor Contreras 0-0: Ball
1-0: Ball
2-0: Called Strike
2-1: Ball
3-1: Foul Ball, location: 2F
3-2: Base on Balls
Pitching: RHP Carlos Guerrero
Batting: RHB Edgardo Rivera 0-0: Called Strike
0-1: Foul Ball, location: 2F
0-2: Ball
1-2: Strikes out swinging
Batting: LHB Gary Corrales 0-0: SINGLE (Line Drive, 6D, EV 103.1 MPH)
Victor Contreras to second
Batting: LHB Bruce Daley 0-0: Ball
1-0: Swinging Strike
1-1: Ground out 4-3 (Groundball, 4, EV 92.5 MPH)
Top of the 9th over - 0 runs, 1 hit, 0 errors, 2 left on base; Calgary 1 - Miami Beach 1
BOTTOM OF THE 9TH
Miami Beach Marlins batting - Pitching for Calgary Flames : RHP Bruce Boivin
Pinch Hitting: RHB Troy Bush 0-0: Ball
1-0: Fly out, F8 (Flyball, 8RM, EV 87.5 MPH)
Batting: RHB Scott Talbot 0-0: Foul Ball, location: 2F
0-1: Fly out, F4 (Popup, 23, EV 83.1 MPH)
Batting: RHB Clark Meagher 0-0: Called Strike
0-1: Called Strike
0-2: Strikes out swinging
Bottom of the 9th over - 0 runs, 0 hits, 0 errors, 0 left on base; Calgary 1 - Miami Beach 1
TOP OF THE 10TH
Calgary Flames batting - Pitching for Miami Beach Marlins : RHP Carlos Guerrero
Now at 1B: Freddy Monge
Batting: RHB Mick Vaught 0-0: Ball
1-0: Foul Ball, location: 2F
1-1: Ball
2-1: Called Strike
2-2: Strikes out looking
Batting: RHB Antonio Martinez 0-0: Ground out 6-3 (Groundball, 6, EV 85.6 MPH)
Batting: RHB Tyler Johnson 0-0: Called Strike
0-1: Foul Ball, location: 2F
0-2: Ball
1-2: Foul Ball, location: 2F
1-2: Ground out 5-3 (Groundball, 5, EV 103.8 MPH)
Top of the 10th over - 0 runs, 0 hits, 0 errors, 0 left on base; Calgary 1 - Miami Beach 1
BOTTOM OF THE 10TH
Miami Beach Marlins batting - Pitching for Calgary Flames : RHP Bruce Boivin
Pitching: RHP Brice MacKenzie
Batting: RHB Mario Cota 0-0: Called Strike
0-1: Ball
1-1: Fly out, F6 (Popup, 6D, EV 61.9 MPH)
Batting: SHB Emmet Brickowski 0-0: Called Strike
0-1: Ball
1-1: Foul Ball, location: 2F
1-2: Strikes out looking
Batting: RHB Kazumi Inouye 0-0: Ball
1-0: Ball
2-0: Foul Ball, location: 2F
2-1: Foul Ball, location: 2F
2-2: Foul Ball, location: 2F
2-2: Fly out, F7 (Flyball, 78S, EV 90.0 MPH)
Bottom of the 10th over - 0 runs, 0 hits, 0 errors, 0 left on base; Calgary 1 - Miami Beach 1
TOP OF THE 11TH
Calgary Flames batting - Pitching for Miami Beach Marlins : RHP Carlos Guerrero
Batting: SHB Yu-hsui Lew 0-0: Called Strike
0-1: Swinging Strike
0-2: Ball
1-2: Ball
2-2: Foul Ball, location: 2F
2-2: Ball
3-2: Strikes out swinging
Batting: RHB Norinaga Yamakawakamatsu 0-0: Ball
1-0: Called Strike
1-1: Ball
2-1: Called Strike
2-2: Strikes out looking
Batting: RHB Victor Contreras 0-0: Ball
1-0: Ball
2-0: Ground out 4-3 (Groundball, 4, EV 83.8 MPH)
Top of the 11th over - 0 runs, 0 hits, 0 errors, 0 left on base; Calgary 1 - Miami Beach 1
BOTTOM OF THE 11TH
Miami Beach Marlins batting - Pitching for Calgary Flames : RHP Brice MacKenzie
Batting: RHB Jim Smallwood 0-0: Foul Ball, location: 2F
0-1: Ball
1-1: Fly out, F7 (Line Drive, 7LM, EV 93.8 MPH)
Pinch Hitting: RHB Aaron Mamer 0-0: Called Strike
0-1: Swinging Strike
0-2: Ball
1-2: Fly out, F8 (Flyball, 8RD, EV 82.5 MPH)
Batting: RHB Hikaru Nakata 0-0: Called Strike
0-1: Ball
1-1: Ball
2-1: Foul Ball, location: 2F
2-2: Foul Ball, location: 2F
2-2: Ground out 3-1 (Groundball, 34, EV 98.8 MPH)
Bottom of the 11th over - 0 runs, 0 hits, 0 errors, 0 left on base; Calgary 1 - Miami Beach 1
TOP OF THE 12TH
Calgary Flames batting - Pitching for Miami Beach Marlins : RHP Carlos Guerrero
Pitching: RHP Bill Padgett
Now in LF: Cody Leonard
Batting: RHB Edgardo Rivera 0-0: SINGLE (Popup, 6D, EV 61.9 MPH)
Batting: LHB Gary Corrales 0-0: Called Strike
0-1: Ball
1-1: Ball
2-1: Foul Ball, location: 2F
2-2: Fielders Choice at 2nd, 2-6 (Groundball, 2R, EV 71.2 MPH)
Batting: LHB Bruce Daley 0-0: Ball
1-0: Called Strike
1-1: Foul Ball, location: 2F
1-2: Strikes out swinging
Batting: RHB Mick Vaught 0-0: Ball
1-0: Ground out 6-3 (Groundball, 56, EV 101.2 MPH)
Top of the 12th over - 0 runs, 1 hit, 0 errors, 1 left on base; Calgary 1 - Miami Beach 1
BOTTOM OF THE 12TH
Miami Beach Marlins batting - Pitching for Calgary Flames : RHP Brice MacKenzie
Batting: LHB Freddy Monge 0-0: Called Strike
0-1: Ball
1-1: Foul Ball, location: 2F
1-2: Strikes out swinging
Batting: RHB Scott Talbot 0-0: Called Strike
0-1: Foul Ball, location: 2F
0-2: Foul Ball, location: 2F
0-2: Foul Ball, location: 2F
0-2: Ball
1-2: Ball
2-2: Ball
3-2: Fly out, F9 (Flyball, 9LD, EV 92.5 MPH)
Batting: RHB Clark Meagher 0-0: Foul Ball, location: 2F
0-1: Called Strike
0-2: Foul Ball, location: 2F
0-2: Fly out, F7 (Flyball, 7, EV 92.5 MPH)
Bottom of the 12th over - 0 runs, 0 hits, 0 errors, 0 left on base; Calgary 1 - Miami Beach 1
TOP OF THE 13TH
Calgary Flames batting - Pitching for Miami Beach Marlins : RHP Bill Padgett
Batting: RHB Antonio Martinez 0-0: Ball
1-0: Ball
2-0: Foul Ball, location: 2F
2-1: Swinging Strike
2-2: Strikes out swinging
Batting: RHB Tyler Johnson 0-0: Ball
1-0: Called Strike
1-1: Ball
2-1: Swinging Strike
2-2: Fly out, F6 (Line Drive, 6, EV 68.1 MPH)
Batting: SHB Yu-hsui Lew 0-0: Foul Ball, location: 2F
0-1: Ball
1-1: Foul Ball, location: 2F
1-2: Foul Ball, location: 2F
1-2: Ball
2-2: Ground out 4-3 (Groundball, 34, EV 101.9 MPH)
Top of the 13th over - 0 runs, 0 hits, 0 errors, 0 left on base; Calgary 1 - Miami Beach 1
BOTTOM OF THE 13TH
Miami Beach Marlins batting - Pitching for Calgary Flames : RHP Brice MacKenzie
Pitching: LHP Cory Watson
Batting: RHB Mario Cota 0-0: Ground out 5-3 (Groundball, 5, EV 82.5 MPH)
Batting: SHB Emmet Brickowski 0-0: Ball
1-0: Foul Ball, location: 2F
1-1: Ground out 1-3 (Groundball, 23, EV 73.8 MPH)
Batting: RHB Kazumi Inouye 0-0: Called Strike
0-1: Ball
1-1: Ball
2-1: Called Strike
2-2: Strikes out swinging
Bottom of the 13th over - 0 runs, 0 hits, 0 errors, 0 left on base; Calgary 1 - Miami Beach 1
TOP OF THE 14TH
Calgary Flames batting - Pitching for Miami Beach Marlins : RHP Bill Padgett
Batting: RHB Norinaga Yamakawakamatsu 0-0: Ball
1-0: Ball
2-0: Called Strike
2-1: Fly out, F9 (Flyball, 89M, EV 90.6 MPH)
Batting: RHB Victor Contreras 0-0: Foul Ball, location: 2F
0-1: Ground out 6-3 (Groundball, 6S, EV 89.4 MPH)
Pitching: RHP Josue Rubio
Batting: RHB Edgardo Rivera 0-0: Called Strike
0-1: Foul Ball, location: 2F
0-2: Ball
1-2: Strikes out looking
Top of the 14th over - 0 runs, 0 hits, 0 errors, 0 left on base; Calgary 1 - Miami Beach 1
BOTTOM OF THE 14TH
Miami Beach Marlins batting - Pitching for Calgary Flames : LHP Cory Watson
Batting: RHB Jim Smallwood 0-0: Ground out 3-1 (Groundball, 34, EV 101.2 MPH)
Batting: RHB Cody Leonard 0-0: Ground out 6-3 (Groundball, 6, EV 88.1 MPH)
Batting: RHB Hikaru Nakata 0-0: Ball
1-0: Called Strike
1-1: Swinging Strike
1-2: Fly out, F3 (Line Drive, 3L, EV 66.9 MPH)
Bottom of the 14th over - 0 runs, 0 hits, 0 errors, 0 left on base; Calgary 1 - Miami Beach 1
TOP OF THE 15TH
Calgary Flames batting - Pitching for Miami Beach Marlins : RHP Josue Rubio
Batting: LHB Gary Corrales 0-0: Called Strike
0-1: Ball
1-1: Called Strike
1-2: Foul Ball, location: 2F
1-2: Foul Ball, location: 2F
1-2: Ball
2-2: Foul Ball, location: 2F
2-2: Strikes out swinging
Batting: LHB Bruce Daley 0-0: Ball
1-0: Foul Ball, location: 2F
1-1: Foul Ball, location: 2F
1-2: Foul Ball, location: 2F
1-2: Strikes out looking
Batting: RHB Mick Vaught 0-0: Called Strike
0-1: Ground out 3-1 (Groundball, 34, EV 91.2 MPH)
Top of the 15th over - 0 runs, 0 hits, 0 errors, 0 left on base; Calgary 1 - Miami Beach 1
BOTTOM OF THE 15TH
Miami Beach Marlins batting - Pitching for Calgary Flames : LHP Cory Watson
Batting: LHB Freddy Monge 0-0: Called Strike
0-1: Ball
1-1: Ball
2-1: Foul Ball, location: 2F
2-2: Strikes out looking
Batting: RHB Scott Talbot 0-0: Called Strike
0-1: Ball
1-1: Ball
2-1: Foul Ball, location: 2F
2-2: Ball
3-2: Ground out 5-3 (Groundball, 56, EV 83.1 MPH)
Batting: RHB Clark Meagher 0-0: Called Strike
0-1: Called Strike
0-2: Strikes out swinging
Bottom of the 15th over - 0 runs, 0 hits, 0 errors, 0 left on base; Calgary 1 - Miami Beach 1
TOP OF THE 16TH
Calgary Flames batting - Pitching for Miami Beach Marlins : RHP Josue Rubio
Batting: RHB Antonio Martinez 0-0: Ball
1-0: Fly out, F8 (Flyball, 8LD, EV 92.5 MPH)
Batting: RHB Tyler Johnson 0-0: Foul Ball, location: 2F
0-1: Ball
1-1: Called Strike
1-2: Strikes out looking and he ARGUES THE CALL AND IS TOSSED!
Batting: SHB Yu-hsui Lew 0-0: Foul Ball, location: 2F
0-1: Ball
1-1: Called Strike
1-2: Strikes out swinging
Top of the 16th over - 0 runs, 0 hits, 0 errors, 0 left on base; Calgary 1 - Miami Beach 1
BOTTOM OF THE 16TH
Miami Beach Marlins batting - Pitching for Calgary Flames : LHP Cory Watson
Now at 2B: Willie Torres
Batting: RHB Mario Cota 0-0: Ball
1-0: SINGLE (Line Drive, 89S, EV 87.5 MPH)
Batting: SHB Emmet Brickowski 0-0: Sac Bunt to 15S - play at first, batter OUT! 1-3
Mario Cota to second
Batting: RHB Kazumi Inouye 0-0: Intentional Walk
Batting: RHB Jim Smallwood 0-0: Ball
1-0: Fly out, F8 (Flyball, 78D, EV 93.1 MPH)
Batting: RHB Cody Leonard 0-0: Ball
1-0: Called Strike
1-1: Ball
2-1: Foul Ball, location: 2F
2-2: Strikes out swinging
Bottom of the 16th over - 0 runs, 1 hit, 0 errors, 2 left on base; Calgary 1 - Miami Beach 1
TOP OF THE 17TH
Calgary Flames batting - Pitching for Miami Beach Marlins : RHP Josue Rubio
Batting: RHB Norinaga Yamakawakamatsu 0-0: Ball
1-0: Swinging Strike
1-1: Swinging Strike
1-2: Foul Ball, location: 2F
1-2: Foul Ball, location: 2F
1-2: Strikes out swinging
Batting: RHB Victor Contreras 0-0: Ball
1-0: Ground out 5-3 (Groundball, 56, EV 103.8 MPH)
Batting: RHB Edgardo Rivera 0-0: Ball
1-0: Called Strike
1-1: Ball
2-1: Foul Ball, location: 2F
2-2: Strikes out swinging
Top of the 17th over - 0 runs, 0 hits, 0 errors, 0 left on base; Calgary 1 - Miami Beach 1
BOTTOM OF THE 17TH
Miami Beach Marlins batting - Pitching for Calgary Flames : LHP Cory Watson
Pitching: RHP Scott Howarth
Batting: RHB Hikaru Nakata 0-0: Ball
1-0: Called Strike
1-1: Foul Ball, location: 2F
1-2: DOUBLE (Line Drive, 89D, EV 93.1 MPH)
Batting: LHB Freddy Monge 0-0: Fly out, F8 (Flyball, 8RM, EV 93.1 MPH)
Batting: RHB Scott Talbot 0-0: Called Strike
0-1: Ball
Wild Pitch!
Hikaru Nakata to third
1-1: Ball
2-1: Foul Ball, location: 2F
2-2: Ball
3-2: Strikes out swinging
Batting: RHB Clark Meagher 0-0: Intentional Walk
Batting: RHB Mario Cota 0-0: Called Strike
0-1: Ball
1-1: Fielders Choice at 2nd, 6-4 (Groundball, 6, EV 110.6 MPH)
Bottom of the 17th over - 0 runs, 1 hit, 0 errors, 2 left on base; Calgary 1 - Miami Beach 1
TOP OF THE 18TH
Calgary Flames batting - Pitching for Miami Beach Marlins : RHP Josue Rubio
Batting: LHB Gary Corrales 0-0: Ball
1-0: Called Strike
1-1: Fly out, F8 (Flyball, 8LD, EV 110.0 MPH)
Batting: LHB Bruce Daley 0-0: Ball
1-0: Called Strike
1-1: Called Strike
1-2: Ball
2-2: Strikes out looking
Batting: RHB Mick Vaught 0-0: Ball
1-0: Ball
2-0: Ball
3-0: Base on Balls
Batting: RHB Antonio Martinez 0-0: Foul Ball, location: 2F
0-1: Ball
1-1: Fly out, F4 (Popup, 4D, EV 61.2 MPH)
Top of the 18th over - 0 runs, 0 hits, 0 errors, 1 left on base; Calgary 1 - Miami Beach 1
BOTTOM OF THE 18TH
Miami Beach Marlins batting - Pitching for Calgary Flames : RHP Scott Howarth
Batting: SHB Emmet Brickowski 0-0: Ball
1-0: Called Strike
1-1: Foul Ball, location: 2F
1-2: Strikes out swinging
Batting: RHB Kazumi Inouye 0-0: Ball
1-0: Ball
2-0: Foul Ball, location: 2F
2-1: Called Strike
2-2: Ball
3-2: Foul Ball, location: 2F
3-2: Base on Balls
Batting: RHB Jim Smallwood 0-0: Ball
1-0: 2-RUN HOME RUN (Flyball, 78XD, EV 111.2 MPH), Distance : 437 ft
Bottom of the 18th over - 2 runs, 1 hit, 0 errors, 0 left on base; Calgary 1 - Miami Beach 3
Thursday, December 15th , 2022 - OOTP Baseball 23.9 Build 102